 Dungeon Crawl Stone Soup version 0.29.1-2-gbd0b4ee654 (webtiles) character file.

Game seed: 5418536961301611507

162 Hadkhar the Magician (level 5, -1/38 HPs)
             Began as a Djinni Air Elementalist on Nov 3, 2022.
             Slain by a scorpion (5 damage)
             ... on level 3 of the Dungeon.
             The game lasted 00:16:04 (3280 turns).

Hadkhar the Magician (Djinni Air Elementalist)      Turns: 3280, Time: 00:16:05

Health: -1/38      AC:  2    Str:  7    XL:     5   Next: 71%
Gold:   211        EV: 12    Int: 19    God:
                   SH:  0    Dex: 13

rFire   + + .      SeeInvis .   i - +0 short sword (elec)
rCold   x . .      Faith    .   (no shield)
rNeg    + . .      Spirit   .   a - +0 robe
rPois   ∞          Reflect  .   (no helmet)
rElec   .          Harm     .   (no cloak)
rCorr   .          Rampage  .   (no gloves)
Will    .....                   (boots unavailable)
Stlth   ++........              (no amulet)
HPRegen 0.12/turn               f - ring of positive energy
MPRegen 0.00/turn               (no ring)

@: flying
A: sickness immunity, fire resistance 2, cold vulnerability 1, float, innate
caster, HP casting, extra vitality 1
a: no special abilities


You were on level 3 of the Dungeon.
You visited 1 branch of the dungeon, and saw 4 of its levels.

You collected 211 gold pieces.

Inventory:

Hand Weapons
 d - a +0 war axe
 i - a +0 short sword of electrocution (weapon)
Armour
 a - a +0 robe (worn)
Jewellery
 c - a ring of ice
 f - a ring of positive energy (left hand)
Scrolls
 b - a scroll of noise {unknown}
 h - 2 scrolls of fear {unknown}
 k - a scroll of amnesia {unknown}
 l - a scroll of vulnerability {unknown}
 o - a scroll of immolation
Potions
 e - a potion of haste
 g - a potion of invisibility
 j - a potion of ambrosia
 m - a potion of attraction
 n - a potion of lignification


   Skills:
 + Level 2.2 Fighting
 - Level 2.1 Dodging
 + Level 2.7 Stealth
 * Level 3.6 Spellcasting


You couldn't memorise any spells.
You knew the following spells:

 Your Spells              Type           Power      Damage    Failure   Level
a - Shock                 Conj/Air       68%        1d7       3%          1
b - Static Discharge      Conj/Air       17%        3-6/arc   4%          2
c - Swiftness             Air            17%        N/A       10%         3
d - Airstrike             Air            8%         2d(2-18)  30%         4
e - Magic Dart            Conj           68%        1d6       3%          1
f - Ensorcelled Hibernat  Hex/Ice        34%        N/A       4%          2
Your spell library was empty.

Dungeon Overview and Level Annotations

Branches:
Dungeon (4/15)
 Temple: D:4-7

Altars:
Qazlal


Innate Abilities, Weirdness & Mutations

You are immune to sickness and miasma.
You are immune to poison.
Your flesh is very heat resistant. (rF++)
You are vulnerable to cold. (rC-)
You float through the air rather than walking.
You learn spells naturally, not from books.
Your magical power is your life essence.
You have superior vitality. (+4 MHP)


Message History

Aiming: Shock (safe; 3% risk of failure)
Press: ? - help, Shift-Dir - straight line, f/p - scorpion
Aim: a scorpion (almost dead, 71% to hit)
The zap hits the scorpion.
The scorpion is heavily wounded.
The zap hits the scorpion.
You kill the scorpion!
* * * LOW HITPOINT WARNING * * *
The scorpion stings you but does no damage.
Your Fighting skill increases to level 2!
Casting: Shock (safe; 3% risk of failure)
Confirm with . or Enter, or press ? or * to list all spells.
Aiming: Shock (safe; 3% risk of failure)
Press: ? - help, Shift-Dir - straight line, f - scorpion
Aim: a scorpion (heavily wounded, 71% to hit)
The zap misses the scorpion.
* * * LOW HITPOINT WARNING * * *
The scorpion barely misses you.
Unknown command.
Casting: Shock (safe; 3% risk of failure)
Confirm with . or Enter, or press ? or * to list all spells.
Aiming: Shock (safe; 3% risk of failure)
Press: ? - help, Shift-Dir - straight line, f/p - scorpion
Aim: a scorpion (heavily wounded, 71% to hit)
The zap hits the scorpion.
The scorpion is heavily wounded.
* * * LOW HITPOINT WARNING * * *
The scorpion closely misses you.
Casting: Shock (safe; 3% risk of failure)
Confirm with . or Enter, or press ? or * to list all spells.
Aiming: Shock (safe; 3% risk of failure)
Press: ? - help, Shift-Dir - straight line, f/p - scorpion
Aim: a scorpion (heavily wounded, 71% to hit)
The zap hits the scorpion.
The scorpion is severely wounded.
* * * LOW HITPOINT WARNING * * *
The scorpion stings you.
* * * LOW HITPOINT WARNING * * *
The scorpion stings you.
You die...

#.#####.##.############.#.#
#.#...#.##.#........[.#.#.#
#.#.#.#.##.#.########.#.#.#
#.#.#.#.##.#.#..........#.#
#.#.#.#.##.#.#.######.#.#.# ####
#.#.#.#.##.#.#.#........#.# #...
#.#.#.#.##.#.#.#.####.#.#.# #.##
#.#.#.#.##.#.#.#.# #.#.#.# #.#
#.#.#.#.##.#.#.#@# #.#.#.# #.#
#.#.#.#.##.#.#.#s# #.#.#.####.#
#.#<..#.##.#.#.#†####.#.#......#
................>.....#.#.######
#.#.....##.#.#.#.######.#########
#.########.#.#.#.#...<#........†.
#.# #.#...#................. #.#
#.#####.#.........#....# ..#
#..............#.....#.#


You could see a scorpion.

Vanquished Creatures
  A scorpion (D:3)
  3 gnolls (D:2)
  3 adders
  A worm (D:2)
  A dart slug (D:1)
  An endoplasm (D:2)
  A giant cockroach (D:2)
  4 hobgoblins
  7 jackals (D:2)
  5 kobolds
  2 quokkas
  6 ball pythons
  4 bats
  A frilled lizard (D:3)
  4 goblins
  3 rats (D:2)
47 creatures vanquished.

Notes
Turn   | Place    | Note
-------+----------+-------------------------------------------
     0 | D:1      | Hadkhar the Djinni Air Elementalist began the quest for the
                  | Orb.
     0 | D:1      | Hadkhar set off with the following spells memorised: Shock,
                  | Static Discharge, Swiftness, Airstrike.
     0 | D:1      | Reached XP level 1. HP: 15/15 MP: 0/0
   248 | D:1      | Reached XP level 2. HP: 21/22 MP: 0/0
   812 | D:2      | Reached skill level 1 in Fighting
   812 | D:2      | Reached XP level 3. HP: 19/27 MP: 0/0
   812 | D:2      | Learned a level 1 spell: Magic Dart
  1018 | D:2      | Reached skill level 3 in Spellcasting
  1049 | D:2      | Reached XP level 4. HP: 19/32 MP: 0/0
  2755 | D:3      | Found a stormy altar of Qazlal.
  2789 | D:3      | Reached XP level 5. HP: 33/38 MP: 0/0
  2789 | D:3      | Learned a level 2 spell: Ensorcelled Hibernation
  3141 | D:3      | Found a faded altar of an unknown god.
  3280 | D:3      | Slain by a scorpion

Illustrated notes

Levels and vault maps discovered:
D:1:      moated_graveyard_arrival, layout_loops_ring
D:2:      layout_loops_ring, minmay_tripent
D:3:      layout_basic, mainiacjoe_overflow_24_doors, fiery_altar_vehumet,
          hellmonk_ecumenical_altar_blasted
D:4:      layout_basic, slow_altar_2, minmay_temple_entry_fiery, minivault_23,
          corner_web_ring, amcnicky_mini_corridor_feature,
          nicolae_concentric_dashed_squares_wild, skrybe_limestone_x,
          kennysheep_generic_room_3

Skill      XL: |  1  2  3  4  5 |
---------------+----------------+-----
Fighting       | 1 2 |  2.2
Stealth        | 2 |  2.7
Spellcasting   | 3 |  3.6
Dodging        | |  2.1

Action                   |  1- 3 |  4- 6 || total
-------------------------+-------+-------++-------
Melee: Rapier            |    11 |       ||    11
       Punch             |     2 |     1 ||     3
       Short sword       |       |    67 ||    67
 Cast: Shock             |    31 |    30 ||    61
  Use: Scroll            |       |     5 ||     5
 Stab: Sleeping          |     1 |     2 ||     3
Armor: Robe              |     5 |    19 ||    24
Dodge: Dodged            |    11 |    59 ||    70
